 Dungeon Crawl Stone Soup version 0.27.1 (webtiles) character file.

Game seed: 10925820503211666650

59833 ABBCCCDDDD the Destroyer (level 14, -4/89 HPs)
             Began as an Octopode Wanderer on Aug 30, 2021.
             Was the Champion of Hepliaklqana.
             Hit by a large rock thrown by a stone giant (54 damage)
             ... on level 2 of the Orcish Mines.
             The game lasted 00:59:45 (28793 turns).

ABBCCCDDDD the Destroyer (Octopode Wanderer)       Turns: 28793, Time: 00:59:45

Health: -4/89      AC:  1    Str: 18    XL:     14   Next: 96%
Magic:  17/30      EV: 32    Int: 20    God:    Hepliaklqana [******]
Gold:   2024       SH:  9    Dex: 18    Spells: 3/23 levels left

rFire    + + .     SeeInvis +   t - +8 flail of Cebbai {flame, rC+ Will+++ Dex+2 Stlth-}
rCold    + . .     Faith    .   G - +2 buckler {rF+}
rNeg     . . .     Spirit   .   (helmet restricted)
rPois    +         Reflect  .   o - amulet of the acrobat
rElec    .         Harm     .   l - ring of protection from cold
rCorr    .         Rampage  .   z - ring of poison resistance
Will     ++++.                  x - ring of wizardry
Stlth    +++.......             O - +6 ring of strength
HPRegen  0.24/turn              P - ring of magical power
MPRegen  0.22/turn              Q - +6 ring of dexterity
                                R - ring of see invisible
                                M - ring of fire

@: acrobatic
A: reduced essence, almost no armour, amphibious, 8 rings, camouflage 1,
gelatinous body 1, (nimble swimmer 1), tentacles
a: Renounce Religion, Recall Ancestor, Ancestor Identity, Transference, Idealise


You were on level 2 of the Orcish Mines.
You worshipped Hepliaklqana.
Hepliaklqana was exalted by your worship.
You visited 3 branches of the dungeon, and saw 19 of its levels.
You also visited: Bailey and Volcano.

You collected 2437 gold pieces.
You spent 413 gold pieces at shops.

Inventory:

Hand Weapons
 t - the +8 flail of Cebbai (weapon) {flame, rC+ Will+++ Dex+2 Stlth-}
   (You found it on level 6 of the Lair of Beasts)

   It burns those it strikes, dealing additional fire damage.
   Dex:       It affects your dexterity (+2).
   rC:        It protects you from cold.
   Will:      It greatly increases your willpower.
   Stlth:     It makes you less stealthy.
 K - a +5 morningstar
Missiles
 d - 4 throwing nets
 f - 531 stones
 r - 47 poisoned darts (quivered)
Armour
 G - a +2 buckler of fire resistance (worn)
 W - a +0 kite shield
Magical Staves
 s - a staff of cold
Jewellery
 l - a ring of protection from cold (left tentacle)
 o - an amulet of the acrobat (around mantle)
 x - a ring of wizardry (on tentacle)
 y - the amulet of Vomiohy {Spirit Contam rElec Dex+2}
   (You found it on level 5 of the Lair of Beasts)

   [amulet of guardian spirit]

   It causes incoming damage to be divided between your reserves of health and
   magic.
   Dex:       It affects your dexterity (+2).
   rElec:     It insulates you from electricity.
   Contam:    It causes magical contamination when unequipped.
 z - a ring of poison resistance (right tentacle)
 C - an amulet of regeneration
 M - a ring of fire (on tentacle)
 O - a +6 ring of strength (on tentacle)
 P - a ring of magical power (on tentacle)
 Q - a +6 ring of dexterity (on tentacle)
 R - a ring of see invisible (on tentacle)
Wands
 h - a wand of acid (10)
 u - a wand of paralysis (8)
 D - a wand of iceblast (4)
 F - a wand of flame (42)
 S - a wand of digging (4)
Scrolls
 b - 3 scrolls of blinking
 e - 11 scrolls of teleportation
 j - 2 scrolls of enchant armour
 n - a scroll of fog
 v - 3 scrolls of torment
 A - 5 scrolls of immolation
 B - a scroll of enchant weapon
 E - a scroll of magic mapping
 L - 3 scrolls of vulnerability
 N - 2 scrolls of fear
 T - a scroll of summoning
 U - 2 scrolls of holy word
 Z - a scroll of silence
Potions
 a - a potion of mutation {unknown}
 c - 4 potions of brilliance
 g - 2 potions of haste
 i - a potion of invisibility {unknown}
 k - 6 potions of attraction
 m - a potion of cancellation
 p - 5 potions of might {unknown}
 q - 5 potions of ambrosia {unknown}
 w - 4 potions of lignification {unknown}
 H - a potion of magic {unknown}
 I - 11 potions of curing {unknown}
 J - 2 potions of heal wounds
 V - 3 potions of flight {unknown}
 X - a potion of berserk rage
Miscellaneous
 Y - a lightning rod (4/4)


   Skills:
 - Level 10.0 Fighting
 + Level 9.7 Maces & Flails
 - Level 1.0 Bows
 - Level 7.5 Dodging
 - Level 4.0 Stealth
 - Level 10.0 Shields
 - Level 1.0 Unarmed Combat
 + Level 5.1 Spellcasting
 + Level 10.0 Conjurations
 + Level 0.8 Hexes
 + Level 0.9 Fire Magic
 - Level 8.0 Ice Magic
 - Level 8.0 Air Magic
 - Level 7.0 Invocations
 - Level 8.0 Evocations


You had 3 spell levels left.
You knew the following spells:

 Your Spells              Type           Power      Damage    Failure   Level
a - Freezing Cloud        Conj/Ice/Air   19%        6-21      3%          5
b - Poisonous Vapours     Pois/Air       42%        N/A       1%          2
c - Fulminant Prism       Conj/Hex       13%        3d9       4%          4
d - Fire Storm            Conj/Fire      20%        8d5       100%        9

Your spell library contained the following spells:

 Spells                   Type           Power      Damage    Failure   Level
 Foxfire                  Conj/Fire      100%       2x1d9     1%          1
 Magic Dart               Conj           100%       1d8       1%          1
 Corpse Rot               Necr/Air       N/A        N/A       1%          2
 Searing Ray              Conj           90%        3d6       1%          2
 Conjure Flame            Conj/Fire      40%        6-21      1%          3
 Pain                     Necr           20%        1d5       4%          1
 Slow                     Hex            8%         N/A       4%          2
 Confusing Touch          Hex            8%         N/A       10%         3
 Inner Flame              Hex/Fire       12%        N/A       10%         3
 Portal Projectile        Hex/Tloc       12%        N/A       12%         3
 Call Canine Familiar     Summ           5%         N/A       14%         3
 Vampiric Draining        Necr           2%         2d6       14%         3
 Summon Ice Beast         Ice/Summ       21%        N/A       9%          4
 Cause Fear               Hex            4%         N/A       32%         4
 Leda's Liquefaction      Hex/Erth       3%         N/A       34%         4
 Dispel Undead            Necr           5%         3d7       41%         4
 Agony                    Necr           5%         N/A       75%         5
 Excruciating Wounds      Necr           2%         N/A       75%         5
 Death Channel            Necr           2%         N/A       99%         6
 Dragon Form              Tmut           2%         N/A       100%        7
 Malign Gateway           Summ/Tloc      2%         N/A       100%        7
 Chain Lightning          Conj/Air       20%        3d27      100%        9
 Dragon's Call            Summ           2%         N/A       100%        9


Dungeon Overview and Level Annotations

Branches:
Dungeon (11/15)            Temple (0/1) D:5            Lair (6/6) D:11
 Shoals (0/4) Lair:2       Spider (0/4) Lair:4        Slime (0/5) Lair:6
    Orc (2/2) D:9          Bailey (visited)         Volcano (visited)
    Elf: Orc:2

Altars:
Elyvilon
Gozag
Hepliaklqana
Makhleb
Nemelex Xobeh
Okawaru
Qazlal
Uskayaw
Xom
Zin
The Shining One
Beogh
Jiyva

Shops:
D:2 [   D:3 *   D:10 *   Orc:2 (

Annotations:
D:10 2 runed translucent doors, exclusions: downstairs and vampire
D:11 1 runed translucent door
Lair:6 1 runed translucent door, exclusion: obsidian statue


Innate Abilities, Weirdness & Mutations

Your life essence is reduced to manifest your ancestor. (-10% HP)
You cannot wear most types of armour.
You are amphibious.
You can wear up to eight rings at the same time.
Your skin changes colour to match your surroundings (Stealth+).
Your rubbery body absorbs attacks. (AC +1, EV +1)
((You are camouflaged near water. (Stealth+)))
You have tentacles for arms and can constrict up to eight enemies at once.


Message History

A cyclops comes into view.
Casting: Freezing Cloud (dangerous; 3% risk of failure)
Confirm with . or Enter, or press ? or * to list all spells.
Aiming: Freezing Cloud (dangerous; 3% risk of failure)
Press: ? - help, Dir - move target, f - stone giant
Aim: a stone giant, quivering large rocks The cyclops shouts!
The fungus is engulfed in freezing vapours.
The fungus begins to die.
The stone giant is engulfed in freezing vapours.
Casting: Freezing Cloud (dangerous; 3% risk of failure)
Confirm with . or Enter, or press ? or * to list all spells.
Aiming: Freezing Cloud (dangerous; 3% risk of failure)
Press: ? - help, Dir - move target, p - stone giant The fungus is engulfed in freezing vapours. x2
The fungus begins to die.
The fungus is engulfed in freezing vapours. x2
The stone giant is engulfed in freezing vapours.
Casting: Freezing Cloud (dangerous; 3% risk of failure)
Confirm with . or Enter, or press ? or * to list all spells.
Aiming: Freezing Cloud (dangerous; 3% risk of failure)
Press: ? - help, Dir - move target, f - cyclops
Aim: a cyclops, quivering large rocks The fungus is engulfed in freezing vapours.
A nearby fungus withers and dies.
The fungus is engulfed in freezing vapours.
The stone giant is engulfed in freezing vapours.
The stone giant throws a large rock.
The large rock hits you!!!
The cyclops is engulfed in freezing vapours.
You swap places.
The fungus is engulfed in freezing vapours.
A nearby fungus withers and dies.
The stone giant is engulfed in freezing vapours.
The stone giant throws a large rock.
The large rock hits Artakama.
The stone giant is engulfed in freezing vapours.
The stone giant throws a large rock.
The large rock hits Artakama!!!
The cyclops throws a large rock.
The large rock barely misses you.
The stone giant throws a large rock.
The large rock hits you!!!
Ouch! That really hurt!
You die...

.##.##)#.##.....[............
#......[..##.#....[#.........
.....<)#.#####...............
....#.#### #...(.[.........
.#.#### ##.#.....##..... ..#
##...[......... .#
#.[)[......... #
###............
#####R@............
##.##...............
##......#............
#..C.................
##.#.................
...P.§○$#................
............###.......
.....C..#....# #.##.#
............## ##


You could see the friendly Artakama the battlemage and a stone giant.

Levels and vault maps discovered:
D:1:      minmay_arrival_four_loops, layout_basic
D:2:      layout_loops_ring, shapermc_ecumenical_altar_pompeii, serial_shops,
          nicolae_square_shop, minmay_pentomino_o4, uniq_terence
D:3:      layout_basic, good_gods_mini_temple, nicolae_hepliaklqana_hippocampus,
          serial_shops, nicolae_shop_overgrown_old_shop, kennysheep_path_1,
          uniq_jessica
D:4:      layout_basic, eat_drink_and_be_merry_uskayaw, nemelex_altar_shiori,
          serial_bayou, serial_bayou_shore_a, serial_bayou_crossing,
          serial_bayou_pond_e, serial_bayou_pond_e
D:5:      layout_rooms, nicolae_qazlal_eye_of_the_storm,
          minmay_temple_entry_overgrown, biasface_ghost_orc_armoury
D:6:      layout_basic
D:7:      layout_basic, nicolae_gozag_seed_capital, mainiacjoe_overflow_alcove_2
D:8:      layout_basic, mainiacjoe_overflow_alcove_1
D:9:      layout_roguey, bloody_makhleb, orc_0_dummy, enter_bailey_3,
          uniq_harold, uniq_pikel
D:10:     layout_roguey, jmf_multi_god_temple2, serial_shops, shop,
          minmay_increasing_density
D:11:     lemuel_bear_cage, layout_irregular_city, dpeg_oklobed_lair,
          enter_trove_1
Lair:1:   layout_loops_ring
Lair:2:   layout_loops_ring, minmay_shoals_entry_beasts,
          nicolae_quartered_pool_little, grunt_megastairs_4
Lair:3:   layout_regular_city, minmay_holes, beast_lair_carwin_2
Lair:4:   layout_misc_corridors, spider_nest_entry_webs, grunt_megastairs_5,
          infiniplex_staircase_pool_2, uniq_nergalle, uniq_kirke
Lair:5:   layout_gridlike, grunt_forest_small_clearing_treed,
          grunt_megastairs_2, lemuel_fruit_tree
Lair:6:   due_jungle_book, layout_big_grid, slime_altar_2,
          chequers_serial_rivers_small_b
Orc:1:    layout_caves, nicolae_volcano_entry_batcave, bh_open_orc_temple,
          uniq_erica, uniq_snorg
Orc:2:    grunt_orc_gardens, layout_caves, grunt_orc_garden, grunt_orc_garden,
          grunt_orc_garden, grunt_orc_garden

Notes
Turn   | Place    | Note
-------+----------+-------------------------------------------
     0 | D:1      | ABBCCCDDDD the Octopode Wanderer began the quest for the
                  | Orb.
     0 | D:1      | ABBCCCDDDD set off with the following items: a +0 shortbow,
                  | a scroll of blinking, a potion of heal wounds, 23 arrows, a
                  | scroll of teleportation
     0 | D:1      | Reached XP level 1. HP: 17/17 MP: 1/1
   112 | D:1      | Reached XP level 2. HP: 15/22 MP: 2/2
  1240 | D:2      | Reached XP level 3. HP: 25/27 MP: 3/3
  1420 | D:2      | Found Waufoukh's Antique Armour Shop.
  1420 | D:2      | Noticed Terence
  1432 | D:2      | Killed Terence
  1433 | D:2      | Reached XP level 4. HP: 23/34 MP: 4/4
  1581 | D:2      | Found a faded altar of an unknown god.
  2142 | D:3      | Noticed Jessica
  2146 | D:3      | Killed Jessica
  2147 | D:3      | Reached skill level 5 in Fighting
  2559 | D:3      | Found a hazy altar of Hepliaklqana.
  2643 | D:3      | Became a worshipper of Hepliaklqana the Forgotten
  2717 | D:3      | Found Vewidy's Assorted Antiques.
  2758 | D:3      | Reached XP level 5. HP: 35/39 MP: 5/5
  2979 | D:3      | Found a white marble altar of Elyvilon.
  2979 | D:3      | Found a glowing silver altar of Zin.
  2980 | D:3      | Found a glowing golden altar of the Shining One.
  3235 | D:4      | Found a hide-covered altar of Uskayaw.
  3292 | D:4      | Reached skill level 1 in Maces & Flails
  3317 | D:4      | Reached * piety under Hepliaklqana
  3641 | D:4      | Reached XP level 6. HP: 40/40 MP: 6/6
  4037 | D:4      | Found a sparkling altar of Nemelex Xobeh.
  4141 | D:4      | Noticed a yak
  4141 | D:4      | Noticed a yak
  4142 | D:4      | Noticed a yak
  4613 | D:5      | Entered Level 5 of the Dungeon
  4613 | D:5      | Found a staircase to the Ecumenical Temple.
  4627 | D:5      | Found a runed translucent gate.
  4627 | D:5      | Found a runed translucent gate.
  4629 | D:5      | Found a runed translucent gate.
  4630 | D:5      | Noticed Zgarb's ghost (novice GnDe)
  4636 | D:5      | Noticed an orc warrior
  4648 | D:5      | Noticed a yak
  4649 | D:5      | Noticed a yak
  4650 | D:5      | Noticed a yak
  4650 | D:5      | Noticed a yak
  4660 | D:5      | Noticed a yak
  4662 | D:5      | Noticed a yak
  4671 | D:5      | Killed a yak
  4702 | D:4      | Killed a yak
  4703 | D:4      | Reached XP level 7. HP: 10/45 MP: 5/7
  5146 | D:4      | Killed a yak
  5148 | D:4      | Killed a yak
  5149 | D:4      | Reached skill level 5 in Dodging
  5149 | D:4      | Reached XP level 8. HP: 23/49 MP: 8/8
  5159 | D:4      | Killed a yak
  5512 | D:5      | Reached skill level 5 in Maces & Flails
  5618 | D:5      | Learned a level 5 spell: Freezing Cloud
  5621 | D:5      | Learned a level 2 spell: Poisonous Vapours
  5997 | D:5      | Found a stormy altar of Qazlal.
  6088 | D:6      | Reached skill level 1 in Conjurations
  6088 | D:6      | Reached skill level 1 in Ice Magic
  6088 | D:6      | Reached skill level 1 in Air Magic
  6116 | D:6      | Reached skill level 1 in Spellcasting
  6195 | D:6      | Reached XP level 9. HP: 54/54 MP: 10/10
  6517 | D:6      | Reached ** piety under Hepliaklqana
  6518 | D:6      | Remembered your ancestor Artakama as a battlemage
  6768 | D:7      | Found an iron altar of Okawaru.
  6947 | D:7      | Found an opulent altar of Gozag.
  7622 | D:7      | Reached *** piety under Hepliaklqana
  8254 | D:8      | Found a shimmering altar of Xom.
  8632 | D:8      | Reached XP level 10. HP: 59/59 MP: 14/14
  8816 | D:8      | Identified a scroll of acquirement
  8825 | D:8      | Acquired 1018 gold pieces
  8897 | D:3      | Bought a glowing coppery potion for 17 gold pieces
  8897 | D:3      | Bought a sedimented cyan potion for 17 gold pieces
  8897 | D:3      | Bought an ivory ring for 95 gold pieces
  8897 | D:3      | Bought a scroll of blinking for 142 gold pieces
  9565 | D:5      | Killed Zgarb's ghost
  9672 | D:9      | Noticed Harold
  9683 | D:9      | Killed Harold
  9868 | D:9      | Found a flagged portal.
  9971 | Bailey   | Entered a bailey
 10151 | Bailey   | Reached skill level 5 in Air Magic
 10372 | Bailey   | Reached skill level 5 in Conjurations
 10372 | Bailey   | Reached skill level 5 in Ice Magic
 10964 | Bailey   | Identified the +6 scale mail of the Tick {rPois}
 11608 | Bailey   | Reached XP level 11. HP: 42/63 MP: 5/15
 11956 | D:9      | Found a burning altar of Makhleb.
 11978 | D:9      | Found a staircase to the Orcish Mines.
 12330 | D:9      | Reached **** piety under Hepliaklqana
 12618 | D:9      | Noticed Pikel
 12639 | D:9      | Killed Pikel
 13132 | D:10     | Entered Level 10 of the Dungeon
 13132 | D:10     | Found Ystuox's Assorted Antiques.
 13135 | D:10     | Bought a scroll labelled NAOPRE ZAAV for 29 gold pieces
 13135 | D:10     | Bought a scroll labelled PYUWNA WIALO for 29 gold pieces
 13135 | D:10     | Bought a scroll of identify for 58 gold pieces
 13135 | D:10     | Bought a fuming purple potion for 26 gold pieces
 13260 | D:10     | Found a large runed translucent door.
 13498 | D:10     | Found a large runed translucent door.
 14340 | D:10     | Noticed a two-headed ogre
 14364 | D:10     | Killed a two-headed ogre
 14967 | D:11     | Noticed an oklob plant
 14990 | D:11     | Found a staircase to the Lair.
 15174 | D:11     | Noticed a skeletal warrior
 15176 | D:11     | Noticed a skeletal warrior
 15176 | D:11     | Noticed a skeletal warrior
 15176 | D:11     | Noticed a skeletal warrior
 15758 | D:11     | Found a huge runed translucent gate.
 15764 | D:11     | Killed an oklob plant
 15813 | Lair:1   | Entered Level 1 of the Lair of Beasts
 16963 | Lair:2   | Reached XP level 12. HP: 69/70 MP: 17/17
 17014 | Lair:2   | Noticed a boulder beetle
 17028 | Lair:2   | Killed a boulder beetle
 17113 | Lair:2   | Found a staircase to the Shoals.
 17347 | Lair:2   | Reached ***** piety under Hepliaklqana
 17835 | Lair:2   | Reached skill level 5 in Spellcasting
 18363 | Lair:3   | Reached skill level 1 in Invocations
 18961 | Lair:3   | Identified the +5 hand axe of Disharmony {drain, Drain
                  | +Blink rC+}
 19193 | Lair:3   | Reached skill level 5 in Shields
 19569 | Lair:4   | Reached XP level 13. HP: 77/79 MP: 13/20
 19970 | Lair:4   | Noticed Nergalle
 19977 | Lair:4   | Killed Nergalle
 20201 | Lair:4   | Noticed Kirke
 20673 | Lair:4   | Reached skill level 5 in Evocations
 21010 | Lair:4   | Found a hole to the Spider Nest.
 21283 | Lair:4   | Reached skill level 5 in Invocations
 21461 | Lair:4   | Killed Kirke
 21462 | Lair:4   | Reached skill level 10 in Conjurations
 22573 | Lair:5   | Got the Compendium of Calling
 22607 | Lair:5   | Reached XP level 14. HP: 87/87 MP: 21/21
 22722 | Lair:5   | Identified the amulet of Vomiohy {Spirit Contam rElec
                  | Dex+2}
 23198 | Lair:6   | Entered Level 6 of the Lair of Beasts
 23226 | Lair:6   | Found a runed translucent door.
 23226 | Lair:6   | Found a viscous altar of Jiyva.
 23226 | Lair:6   | Found a staircase to the Slime Pits.
 24326 | Lair:6   | Noticed a dire elephant
 24389 | Lair:6   | Killed a dire elephant
 24527 | Lair:6   | Noticed a dire elephant
 24680 | Lair:6   | Reached skill level 10 in Fighting
 24970 | Lair:6   | Identified the +8 flail of Cebbai {flame, rC+ Will+++ Dex+2
                  | Stlth-}
 25944 | Lair:6   | Killed a dire elephant
 26218 | Lair:6   | Learned a level 4 spell: Fulminant Prism
 26528 | Orc:1    | Entered Level 1 of the Orcish Mines
 26543 | Orc:1    | Found a dark tunnel.
 26788 | Volcano  | Entered a volcano
 27237 | Volcano  | Noticed a red draconian
 27249 | Volcano  | Killed a red draconian
 27250 | Volcano  | Reached skill level 10 in Shields
 27341 | Volcano  | Noticed an orb of fire
 27341 | Volcano  | Noticed an orb of fire
 27723 | Orc:1    | Noticed Erica
 27727 | Orc:1    | Killed Erica
 28157 | Orc:1    | Learned a level 9 spell: Fire Storm
 28158 | Orc:2    | Entered Level 2 of the Orcish Mines
 28171 | Orc:2    | Reached ****** piety under Hepliaklqana
 28782 | Orc:2    | Found Hyky Ess's Antique Weapon Shop.
 28782 | Orc:2    | Noticed a stone giant
 28793 | Orc:2    | Hit by a large rock thrown by a stone giant

Table legend: (Time is in decaauts)
 A = Elapsed time spent in this place.
 B = Non-inter-level travel time spent in this place.
 C = Inter-level travel time spent in this place.
 D = Time resting spent in this place.
 E = Time spent auto-exploring this place.
 F = Levels seen in this place.
 G = Mean time per level.
                   A        B        C        D        E       F      G
               +--------+--------+--------+--------+--------+-----+--------+
         Total |  28820 |  27532 |   1288 |  12291 |  10657 |  21 | 1372.4 |
       Dungeon |  14049 |  13004 |   1045 |   4709 |   6102 |  11 | 1277.2 |
          Lair |  10544 |  10318 |    226 |   4937 |   3997 |   6 | 1757.3 |
  Orcish Mines |   1354 |   1337 |     17 |    767 |    331 |   2 |  677.0 |
        Bailey |   1962 |   1962 |      0 |   1321 |    170 |   1 | 1962.0 |
       Volcano |    910 |    910 |      0 |    557 |     57 |   1 |  910.0 |
               +--------+--------+--------+--------+--------+-----+--------+

Top non-repeatable levels by time:
  Lair:6: 2853 daAuts
    D:10: 2465 daAuts
  Lair:4: 2005 daAuts
  Bailey: 1962 daAuts
     D:4: 1807 daAuts
     D:3: 1624 daAuts
  Lair:5: 1617 daAuts
     D:9: 1608 daAuts
  Lair:3: 1507 daAuts
     D:5: 1482 daAuts
  Lair:2: 1440 daAuts
     D:7: 1217 daAuts
   Orc:1: 1201 daAuts
     D:1: 1132 daAuts
  Lair:1: 1119 daAuts

Table legend:
 A = Kills in this place as a percentage of kills in entire the game.
 B = Kills by you in this place as a percentage of kills by you in the entire game.
 C = Kills by friends in this place as a percentage of kills by friends in the entire game.
 D = Other kills in this place as a percentage of other kills in the entire game.
 E = Experience gained in this place as a percentage of experience gained in the entire game.
 F = Experience gained in this place divided by the number of levels of this place that you have seen.
                   A       B       C       D       E      F
               +-------+-------+-------+-------+-------+----------------------
         Total | 100.0 | 100.0 | 100.0 |   N/A | 100.0 | 4070.3
       Dungeon |  40.2 |  41.7 |  36.8 |   N/A |  15.7 | 1220.0
          Lair |  39.5 |  39.3 |  40.1 |   N/A |  69.1 | 9850.8
  Orcish Mines |   9.9 |  10.9 |   7.9 |   N/A |   5.2 | 2202.0
        Bailey |   8.1 |   6.3 |  11.8 |   N/A |   2.7 | 2293.0
       Volcano |   2.3 |   1.8 |   3.3 |   N/A |   7.3 | 6254.0
               +-------+-------+-------+-------+-------+----------------------

Action                   |  1- 3 |  4- 6 |  7- 9 | 10-12 | 13-15 || total
-------------------------+-------+-------+-------+-------+-------++-------
Melee: Unarmed           |    50 |    30 |       |       |       ||    80
       Tentacles         |    15 |    10 |    23 |    56 |    62 ||   166
       Constrict         |    15 |    23 |    31 |    40 |    31 ||   140
       Hand axe          |     9 |       |       |       |       ||     9
       Club              |       |    69 |   132 |   222 |   110 ||   533
       Punch             |       |       |       |     1 |     2 ||     3
       Flail             |       |       |       |       |    60 ||    60
 Fire: Shortbow          |     7 |       |       |       |       ||     7
Throw: Dart              |       |       |    13 |     4 |       ||    17
 Cast: Poisonous Vapours |       |       |       |   155 |    93 ||   248
       Freezing Cloud    |       |       |       |    22 |    92 ||   114
Invok: Recall Ancestor   |       |     2 |       |     3 |     2 ||     7
       Ancestor Life: Ba |       |       |     1 |       |       ||     1
Evoke: Wand              |       |     1 |    12 |    24 |    10 ||    47
  Use: Potion            |     1 |     1 |       |     1 |       ||     3
       Scroll            |       |       |       |    16 |     5 ||    21
 Stab: Sleeping          |     2 |     9 |     8 |     6 |     2 ||    27
       Distracted        |       |       |     3 |     2 |       ||     5
Armor: Skin              |     3 |     1 |       |     6 |     4 ||    14
Dodge: Dodged            |    40 |    58 |    85 |   207 |   109 ||   499
Block: Buckler           |       |     3 |    17 |    56 |    49 ||   125

Vanquished Creatures
  A dire elephant (Lair:6)
  A boulder beetle (Lair:2)
  3 hydras
  Erica (Orc:1)
  A two-headed ogre (D:10)
  A deep elf pyromancer (Volcano)
  Pikel (D:9)
  4 necromancers (Lair:6)
  An orc sorcerer (Orc:2)
  A manticore (Lair:2)
  An oklob plant (D:11)
  A cyclops (Volcano)
  A salamander (Volcano)
  16 elephants
  4 black mambas
  8 cane toads
  3 molten gargoyles (Volcano)
  2 torpor snails (Lair:4)
  An unseen horror (D:10)
  A rime drake (Lair:5)
  5 komodo dragons
  A wind drake (Lair:2)
  9 dream sheep
  4 blink frogs (Lair:2)
  A spectral elephant (Lair:6)
  A redback (Lair:4)
  48 yaks
  A basilisk (Lair:3)
  3 fire bats (Orc:1)
  2 wyverns
  A hog (Lair:3)
  2 vampire mosquitoes (D:11)
  11 water moccasins
  12 orc warriors
  A sky beast (D:8)
  4 black bears
  6 centaurs
  5 wolves
  2 phantoms (D:5)
  2 kobold brigands (D:10)
  8 bullfrogs
  A gnoll sergeant (D:7)
  3 scorpions
  An elephant simulacrum (Lair:6)
  3 killer bees
  3 wights (D:6)
  A howler monkey (D:4)
  2 centaur zombies
  12 orc priests
  A hound (D:6)
  A bullfrog skeleton (D:6)
  A centaur skeleton (D:4)
  2 jellies
  Jessica (D:3)
  Terence (D:2)
  5 orc wizards
  3 iguanas
  A howler monkey skeleton (D:5)
  6 gnolls
  4 adders
  4 white imps
  3 ufetubi
  An adder zombie (D:5)
  An adder skeleton (D:4)
  A worm (D:2)
  2 dart slugs
  37 orcs
  3 endoplasms (D:1)
  4 giant cockroaches
  7 goblins
  7 hobgoblins
  2 jackals (D:5)
  3 quokkas
  4 ball pythons
  3 bats
  A frilled lizard (D:1)
  9 kobolds
  5 rats
331 creatures vanquished.

Vanquished Creatures (collateral kills)
  Kirke (Lair:4)
  A dire elephant (Lair:6)
  A red draconian (Volcano)
  Harold (D:9)
  A spectral dire elephant (Lair:6)
  Nergalle (Lair:4)
  A spectral death yak (Lair:6)
  A spectral anaconda (Lair:6)
  An orc knight (Orc:1)
  3 cyclopes (Volcano)
  A salamander (Volcano)
  4 elephants
  A black mamba (Lair:6)
  The ghost of Zgarb the Covert, a novice GnDe of Uskayaw (D:5)
  5 cane toads
  2 komodo dragons
  A troll (D:11)
  A spectral elephant (Lair:6)
  A hornet (D:10)
  A blink frog (Lair:2)
  A redback (Lair:4)
  A vampire (D:10)
  A dire elephant simulacrum (Lair:6)
  25 yaks
  3 hogs (Lair:4)
  3 wyverns
  A steam dragon (D:7)
  2 vampire mosquitoes (D:11)
  3 basilisks
  4 water moccasins
  7 orc warriors
  An ice beast (D:8)
  An ogre (D:5)
  A black bear (Lair:3)
  4 centaurs
  4 wolves
  A lemure (D:9)
  2 bullfrogs
  A scorpion (D:6)
  An elephant simulacrum (Lair:6)
  10 killer bees
  2 wights (D:6)
  2 howler monkeys
  2 centaur zombies (D:7)
  4 orc priests
  A bullfrog skeleton (D:7)
  2 orc wizards
  A gnoll (D:4)
  An ufetubus (D:4)
  27 orcs
  2 goblins (D:9)
  2 jackals (D:5)
153 creatures vanquished.

Vanquished Creatures (others)
  18 battlemagi
  3 ancestors (D:4)
  36 fungi
  70 plants
  29 withered plants (Lair:6)
156 creatures vanquished.

Grand Total: 640 creatures vanquished
